 Seeded DCSS version 0.25-a0-435-g4b9beb1 (webtiles) character file.

Game seed: 4037872804680729407, levelgen mode: deterministic

504 Buxparty the Sneak (level 6, -6/46 HPs)
             Began as a Vampire Chaos Knight on Jan 28, 2020.
             Was a Plaything of Xom.
             Mangled by an ogre
             ... wielding a +0 giant club
              (21 damage)
             ... on level 5 of the Dungeon.
             The game lasted 00:08:24 (3416 turns).

Buxparty the Sneak (Vampire Chaos Knight)           Turns: 3416, Time: 00:08:25

Health: -6/46      AC:  6    Str: 11    XL:     6   Next: 96%
Magic:  6/6        EV: 12    Int: 15    God:    Xom [....*.]
Gold:   274        SH:  0    Dex: 17    Spells: 5/5 levels left

rFire    + . .     SeeInvis +   a - +0 falchion (chaos)
rCold    + + .     Gourm    .   (no shield)
rNeg     . . .     Faith    .   b - +2 leather armour
rPois    .         Spirit   .   (no helmet)
rElec    .         Reflect  .   k - scarf {rC+ rF+}
rCorr    .         Harm     .   (no gloves)
MR       .....                  v - +0 pair of boots
Stlth    ++++......             (no amulet)
HPRegen  0.35/turn              (no ring)
MPRegen  0.10/turn              (no ring)

@: lethally poisoned (-6 -> -12), cleaving, regenerating quickly
A: no food, fangs 3, hooves 1, thin skeletal structure 1, see invisible, cold
resistance 1, sense surroundings 1, unbreathing
a: Exsanguinate, Renounce Religion


You were on level 5 of the Dungeon.
You worshipped Xom.
You were a beloved toy of Xom.
You were alive.

You visited 1 branch of the dungeon, and saw 5 of its levels.

You collected 274 gold pieces.

Inventory:

Hand Weapons
 a - a +0 falchion of chaos (weapon)
Missiles
 i - 15 poisoned darts (quivered)
Armour
 b - a +2 leather armour (worn)
 k - a scarf of resistance (worn)
 v - a +0 pair of boots (worn)
Scrolls
 d - 3 scrolls of identify
 e - a scroll of enchant weapon {unknown}
 g - 2 scrolls of remove curse
 h - a scroll of enchant armour {unknown}
 n - 2 scrolls of teleportation {unknown}
 p - a scroll of immolation {unknown}
 q - 2 scrolls of amnesia {unknown}
 t - a scroll of fear {unknown}
Potions
 c - a potion of magic {unknown}
 f - a potion of flight {unknown}
 j - 3 potions of curing {unknown}
 l - 2 potions of agility {unknown}
 m - a potion of invisibility {unknown}
 o - a potion of lignification {unknown}
 r - a potion of heal wounds {unknown}
 s - a potion of brilliance {unknown}
 u - a potion of degeneration {unknown}
 w - a potion of haste {unknown}


   Skills:
 - Level 2.6 Fighting
 + Level 5.1 Long Blades
 + Level 3.4 Armour
 - Level 2.1 Dodging
 + Level 6.3 Stealth


You had 5 spell levels left.
You didn't know any spells.
Your spell library was empty.

Dungeon Overview and Level Annotations

Branches:
Dungeon (5/15)             Temple (0/1) D:4

Altars:
Ashenzari
Kikubaaqudgha
Ru
The Shining One


Innate Abilities, Weirdness & Mutations

You do not eat.
Your natural rate of healing is unusually fast.
You have razor-sharp teeth.
You have supernaturally acute eyesight. (SInv)
You can survive without breathing.
You have large cloven feet.
You have a somewhat thin skeletal structure. (Dex +2, Stealth)
Your flesh is cold resistant. (rC+)
You passively map a small area around you.


Message History

You hit the ogre but do no damage. You hit the ogre.
The ogre is lightly wounded.
The ogre closely misses you.
You hit the ogre but do no damage.
The ogre is lightly wounded.
The scorpion closely misses you. The ogre hits you with a +0 giant club!
You are too injured to fight recklessly!
You are too injured to fight recklessly!
You are too injured to fight recklessly!
You hit the ogre.
The ogre is poisoned.
The ogre is lightly wounded. "Go forth and destroy!"
Your +0 falchion of chaos looks sharp.
The scorpion stings you.
You are poisoned.
The scorpion poisons you!
The ogre hits you with a +0 giant club!!
You die...
Xom thinks this is hilarious!

* , ,* #############,,
*
#####...........######
*#⌠...................#
#.....................
*
#.....#########.......
,, ##..###......
####.... #...@O...$.. ,
###.. , #....s..[⌠[.
,#.. ###....../.., , ,
#.. ####......, ##. , ,
###### ,#. , , , , , ,
,,#. *, , ## * * *** ,
, * ,


You could see an ogre and a scorpion.

Vanquished Creatures
  A howler monkey (D:4)
  A bullfrog zombie (D:5)
  A hound (D:4)
  3 orc priests (D:3)
  An orc wizard (D:4)
  An iguana (D:4)
  3 worker ants (D:4)
  4 gnolls (D:4)
  6 adders
  A worm (D:3)
  4 dart slugs
  A leopard gecko (D:5)
  15 orcs
  9 bats
  4 giant cockroaches
  3 goblins
  5 hobgoblins
  4 jackals (D:4)
  2 quokkas (D:2)
  A ball python (D:1)
  4 frilled lizards
  6 kobolds
  2 rats
82 creatures vanquished.

Notes
Turn   | Place    | Note
-------+----------+-------------------------------------------
     0 | D:1      | Buxparty the Vampire Chaos Knight began the quest for the
                  | Orb.
     0 | D:1      | Reached XP level 1. HP: 17/17 MP: 1/1
    67 | D:1      | Reached skill level 1 in Armour
    67 | D:1      | Reached skill level 1 in Stealth
   110 | D:1      | Reached XP level 2. HP: 23/23 MP: 2/2
   635 | D:2      | Reached skill level 2 in Stealth
   689 | D:2      | Reached XP level 3. HP: 28/28 MP: 3/3
   773 | D:2      | Found a shattered altar of Ashenzari.
   963 | D:2      | XOM: harmless Chrm miscast
  1019 | D:2      | Reached skill level 3 in Stealth
  1059 | D:2      | Reached XP level 4. HP: 15/34 MP: 4/4
  1162 | D:2      | XOM: 5-stop teleportation journey
  1237 | D:2      | Found a glowing golden altar of the Shining One.
  1421 | D:2      | XOM: divination: detect creatures
  1893 | D:3      | XOM: fog
  1906 | D:3      | Reached skill level 4 in Stealth
  1906 | D:3      | Reached XP level 5. HP: 9/39 MP: 5/5
  1997 | D:3      | XOM: 2-stop teleportation journey
  2043 | D:3      | XOM: smoke on damage
  2044 | D:3      | XOM: divination: detect creatures
  2223 | D:3      | XOM: 7-stop teleportation journey
  2314 | D:3      | XOM: give mutations
  2314 | D:3      | Gained mutation: Your flesh is cold resistant. (rC+) [Xom's
                  | grace]
  2314 | D:3      | Gained mutation: You have large cloven feet. [Xom's grace]
  2314 | D:3      | Gained mutation: You passively map a small area around you.
                  | [Xom's grace]
  2314 | D:3      | Gained mutation: You have a somewhat thin skeletal
                  | structure. (Dex +2, Stealth) [Xom's grace]
  2374 | D:4      | XOM: summons friendly iron imp
  2521 | D:4      | Reached skill level 5 in Stealth
  2521 | D:4      | Reached XP level 6. HP: 44/46 MP: 6/6
  2616 | D:4      | Found a sacrificial altar of Ru.
  2616 | D:4      | Found an ancient bone altar of Kikubaaqudgha.
  2883 | D:4      | Found a staircase to the Ecumenical Temple.
  3004 | D:4      | Reached skill level 5 in Long Blades
  3004 | D:4      | Reached skill level 6 in Stealth
  3349 | D:5      | Entered Level 5 of the Dungeon
  3389 | D:5      | XOM: enchant monster (good)
  3416 | D:5      | XOM: cleaving
  3416 | D:5      | Mangled by an ogre

Levels and vault maps discovered:
D:1:      minmay_arrival_loop, layout_loops_ring, minmay_pentomino_u4
D:2:      layout_loops_ring, nicolae_ashenzari_panopticon,
          nicolae_tso_swordbearing_angel, minmay_misc_feat_encased
D:3:      layout_loops_cross
D:4:      layout_basic, gammafunk_temple_overflow_elements,
          minmay_temple_entry_grid
D:5:      kennysheep_spiral_hall, layout_basic, lemuel_doored_altar,
          first_ration

Skill      XL: |  1  2  3  4  5  6 |
---------------+-------------------+-----
Armour         | 1 2 3 |  3.4
Stealth        | 1 2 3 4 5 6 |  6.3
Long Blades    | 4 5 |  5.1
Fighting       | |  2.6
Dodging        | |  2.1

Action                   |  1- 3 |  4- 6 || total
-------------------------+-------+-------++-------
Melee: Falchion          |    74 |   175 ||   249
       Bite              |     9 |    19 ||    28
       Kick              |       |    26 ||    26
  Use: Scroll            |       |     1 ||     1
 Stab: Sleeping          |     2 |     9 ||    11
       Paralysed         |       |     7 ||     7
Armor: Leather armour    |    23 |    50 ||    73
Dodge: Dodged            |    61 |    99 ||   160
       Rpst.: Falchion   |    19 |    37 ||    56

Table legend:
 A = Non-vault XP
 B = Vault XP
 C = Vault XP percentage of total XP
 D = Non-vault monster count
 E = Vault monster count
 F = Vault count percentage of total count
                 A         B        C        D         E       F
            +---------+---------+-------+---------+---------+-------
      Total |     671 |      49 |   6.8 |      80 |       2 |   2.4
            +---------+---------+-------+---------+---------+-------
        D:1 |      20 |       2 |   9.1 |       9 |       1 |  10.0
        D:2 |      86 |       0 |   0.0 |      23 |       0 |   0.0
        D:3 |     179 |       0 |   0.0 |      21 |       0 |   0.0
        D:4 |     381 |       0 |   0.0 |      25 |       0 |   0.0
        D:5 |       5 |      47 |  90.4 |       2 |       1 |  33.3
            +---------+---------+-------+---------+---------+-------
